 Seeded DCSS version 0.31-a0-229-g1fc7ce93e2 (webtiles) character file.

Game seed: 13937975146149139884 (custom seed)

216 innerfire43 the Poker (level 5, 0/42 HPs)
             Began as a Demonspawn Monk on July 6, 2023.
             Was a Priest of Cheibriados.
             Slain by an orc priest
             ... wielding a +0 hand axe
              (2 damage)
             ... on level 4 of the Dungeon.
             The game lasted 00:02:31 (2274 turns).

innerfire43 the Poker (Demonspawn Monk)             Turns: 2274, Time: 00:02:31

Health: 0/42       AC:  9    Str: 26    XL:     5   Next: 61%
Magic:  5/5        EV: 14    Int: 18    God:    Cheibriados [***...]
Gold:   130        SH:  5    Dex: 23    Spells: 4/4 levels left

rFire   . . .        i - +0 trident (protect)
rCold   . . .        d - orb {light}
rNeg    . . .        b - +0 robe
rPois   .            (no helmet)
rElec   .            (no cloak)
rCorr   .            (no gloves)
SInv    .            (no boots)
Will    .....        e - amulet of reflection
Stlth   +            q - +6 ring of strength
HPRegen 0.27/turn    (no ring)
MPRegen 0.09/turn

%: reflection
@: under a protective aura, glowing, very slow
A: weakness stinger 1
a: Renounce Religion, Bend Time, Temporal Distortion


You were on level 4 of the Dungeon.
You worshipped Cheibriados.
Cheibriados was most pleased with you.
You visited 1 branch of the dungeon, and saw 4 of its levels.

You collected 130 gold pieces.

Inventory:

Hand Weapons
 a - a +0 spear
 i - a +0 trident of protection (weapon)
Missiles
 u - 2 javelins
Armour
 b - a +0 robe (worn)
 d - an orb of light (worn)
Jewellery
 e - an amulet of reflection (around neck)
 j - a ring of ice
 q - a +6 ring of strength (left hand)
Scrolls
 f - 4 scrolls of amnesia {unknown}
 g - a scroll of blinking {unknown}
 h - a scroll of torment {unknown}
 k - 2 scrolls of revelation {unknown}
 l - 3 scrolls of identify {unknown}
 m - 2 scrolls of brand weapon {unknown}
 r - a scroll of butterflies {unknown}
 t - 3 scrolls of noise {unknown}
 v - a scroll of poison {unknown}
Potions
 c - a potion of ambrosia
 n - a potion of might {unknown}
 w - a potion of curing {unknown}


   Skills:
 + Level 4.1 Fighting
 * Level 4.5 Polearms
 + Level 3.7 Dodging


You had 4 spell levels left.
You didn't know any spells.
Your spell library contained the following spells:

 Spells                   Type           Power      Damage    Failure   Level
 Sandblast                Erth           0%         2d4       22%         1
 Passwall                 Tmut/Erth      0%         N/A       32%         2
 Stone Arrow              Conj/Erth      0%         3d7       54%         3


Dungeon Overview and Level Annotations

Branches:
Dungeon (4/15)
 Temple: D:4-7

Altars:
Cheibriados
Dithmenos


Innate Abilities, Weirdness & Mutations

You have a small tail.


Message History

There are monsters nearby!
You hit the orc wizard but do no damage.
Your tail-slap misses the orc wizard.
The orc wizard points at you and mumbles some strange words.
The magic dart hits you!
The orc priest hits you but does no damage.
You hit the orc wizard.
The orc wizard is moderately wounded.
The orc wizard casts a spell at you. The puff of flame hits you.
You block the orc priest's attack.
There are monsters nearby!
You puncture the orc wizard!
You tail-slap the orc wizard, but do no damage.
The orc wizard is severely wounded.
The orc priest hits you with a +0 hand axe.
The orc wizard barely misses you.
There are monsters nearby!
You are too injured to fight recklessly!
Unknown command.
You are too injured to fight recklessly!
Unknown command.
You are too injured to fight recklessly!
Unknown command.
You puncture the orc wizard!
You kill the orc wizard!
Cheibriados appreciates the change of pace.
The orc priest hits you with a +0 hand axe.
You barely miss the orc priest. The orc priest barely misses you.
You barely miss the orc priest.
The orc priest invokes the aid of Beogh against you.
Beogh smites you!
* * * LOW HITPOINT WARNING * * *
Unknown command.
You hit the orc priest.
Your tail-slap misses the orc priest.
The orc priest is moderately wounded.
The orc priest closely misses you.
You barely miss the orc priest.
Your tail-slap misses the orc priest.
The orc priest is moderately wounded.
The orc priest hits you with a +0 hand axe.
You die...

## .. . #.
#.### .##
#.#.#.).##.....
......)@.......
......o.)......
#.###..........
#..........
#..........
...........
..#.........
.......>.....


You could see an orc priest.

Vanquished Creatures
  A centaur (D:3)
  An orc wizard (D:4)
  An adder (D:2)
  4 worms
  2 dart slugs
  8 orcs
  11 bats
  7 endoplasms
  5 giant cockroaches
  5 goblins
  4 hobgoblins
  3 quokkas (D:2)
  10 ball pythons
  5 frilled lizards
  5 kobolds
  8 rats
80 creatures vanquished.

Notes
Turn   | Place    | Note
-------+----------+-------------------------------------------
     0 | D:1      | innerfire43 the Demonspawn Monk began the quest for the
                  | Orb.
     0 | D:1      | Reached XP level 1. HP: 18/18 MP: 1/1
   110 | D:1      | Gained mutation: You have a small tail. [demonic ancestry]
   110 | D:1      | Reached XP level 2. HP: 24/24 MP: 2/2
   225 | D:1      | Found a faded altar of an unknown god.
   520 | D:2      | Reached XP level 3. HP: 26/29 MP: 3/3
   659 | D:2      | You fall into a shaft and drop 1 floor!
   722 | D:3      | Found a shadowy altar of Dithmenos.
   723 | D:3      | Found a snail-covered altar of Cheibriados.
   760 | D:3      | Became a worshipper of Cheibriados the Contemplative
   760 | D:3      | Reached * piety under Cheibriados
   760 | D:3      | Reached ** piety under Cheibriados
   892 | D:2      | Reached XP level 4. HP: 35/35 MP: 4/4
  1740 | D:3      | Reached *** piety under Cheibriados
  1947 | D:3      | Noticed a centaur
  1964 | D:3      | Killed a centaur
  1965 | D:3      | Reached XP level 5. HP: 31/42 MP: 5/5
  2272 | D:4      | HP: 2/42 [orc priest/divine providence (16)]
  2274 | D:4      | Slain by an orc priest

Illustrated notes

Levels and vault maps discovered:
D:1:      sevenhm_arrival_forest_fort_small_6, layout_rooms,
          hellmonk_ecumenical_altar_blasted
D:2:      kennysheep_big_flooded_room, layout_basic, minmay_circle_x
D:3:      layout_loops_ring, grunt_temple_overflow_open,
          hangedman_abyss_or_decor_lesser_grid
D:4:      layout_cave_pools, general_overflow_altar,
          minmay_temple_entry_nine_rooms, minmay_misc_feat_nine_boxes,
          uniq_menkaure

Skill      XL: |  1  2  3  4 |
---------------+-------------+-----
Polearms       | 3 4 |  4.5
Dodging        | 3 |  3.7
Fighting       | 4 |  4.1

Action                     |  1- 3 |  4- 6 || total
---------------------------+-------+-------++-------
  Melee: Spear             |   128 |    70 ||   198
         Tailslap          |    15 |    15 ||    30
         Trident           |       |    15 ||    15
    Use: Potion            |       |     6 ||     6
   Stab: Distracted        |       |     1 ||     1
 Armour: Robe              |     8 |     8 ||    16
  Dodge: Dodged            |    44 |    53 ||    97
  Block: Orb               |    19 |    25 ||    44
         Reflection        |       |     1 ||     1

Table legend: (Time is in decaauts)
 A = Elapsed time spent in this place.
 B = Non-inter-level travel time spent in this place.
 C = Inter-level travel time spent in this place.
 D = Time resting spent in this place.
 E = Time spent auto-exploring this place.
 F = Levels seen in this place.
 G = Mean time per level.
                   A        B        C        D        E       F      G
               +--------+--------+--------+--------+--------+-----+--------+
         Total |   2931 |   2593 |    338 |      0 |   2170 |   4 |  732.8 |
       Dungeon |   2931 |   2593 |    338 |      0 |   2170 |   4 |  732.8 |
               +--------+--------+--------+--------+--------+-----+--------+

Top non-repeatable levels by time:
     D:2: 1250 daAuts
     D:3: 1163 daAuts
     D:1: 504 daAuts
     D:4: 13 daAuts
